cohdb
Replays
Latest Replays
All Replays
Popular Replays
Top Player Replays
Match Explorer
How It Works
Community
CoH3 Stats
Reddit
Sign in to upload your games and track your stats! →
Sign in with Steam
Match 30449168
Unlisted
Match 30449168
Overview
Messages
Build Orders
End
250 Light Carrier
Selects Italian Infantry
Panzergrenadier Squad
Construct Light Support Kompanie
MG34 Team
2.5-tonne Medical Truck
Fire Support Elements
le.IG 18 Mechanized Group
Assault Grenadier Squad
Construct Mechanized Kompanie
Selects Guastatori Squad
Selects L6/40 Light Tank Combat Group
254 Reconnaissance Tractor
Guastatori Squad
Selects Sound the Alarm
8 Rad Armored Car
L6/40 Light Tank Combat Group
Selects Towed Cannone da 105/28 Field Howitzer
Towed Cannone da 105/28 Field Howitzer
Panzerjäger Squad
Sheikh-Spectator
Mustafa MnM
killerturkey_1
TidaL
Maggot
Liquid_mt
Luc1f
1415354119
0
0
Comments
sign in to comment!
No comments posted yet!